Map: Whispers of Gold

Players

jojo - Winner!

  • Race: Zerg Zerg
  • League: Gold
  • Spawn Location: 9:00

VOODOOTwO

  • Race: Protoss Protoss
  • League: Gold
  • Spawn Location: 5:00

VOD

Have the link to the VOD?

Description

for neuro

Time

  • Played on: Dec. 9, 2024, 10:29 a.m.
  • Length: 24:39
Show
View Real Time Build Order
Export as new Build Order

jojo Zerg - Winner!

Build Orders: Hatch First 

Get SALT Encoding   

  12  0:00  Drone  
  13  0:10  Drone  
  14  0:34  Hatchery  
  13  0:37  Drone  
  14  0:53  Spawning Pool  
  13  0:57  Drone  
  13  1:02  Extractor  
  13  1:06  Drone  
  14  1:12  Overlord  
  14  1:40  Queen  
  14  1:42  Zergling x4  
  18  1:58  Queen  
  20  2:13  Zergling x4  
  20  2:14  Zergling x2  
  23  2:27  Zergling x4  
  24  2:42  Zergling x6  
  25  2:48  Zergling x2  
  22  2:57  Zergling x4  
  18  3:31  Drone x4  
  18  3:32  Drone x2  
  24  4:04  Roach Warren  
  23  4:33  Overlord  
  23  4:34  Overlord  
  23  4:54  Roach x7  
  37  5:10  Zergling x2  
  36  5:23  Overlord  
  35  5:34  Overlord  
  35  5:37  Metabolic Boost  
  35  5:53  Roach x4  
  35  5:55  Hatchery  
  41  6:38  Lair  
  41  6:41  Drone x2  
  41  6:42  Drone  
  41  6:43  Drone x3, Extractor  
  40  7:14  Queen  
  42  7:18  Hatchery  
  41  7:33  Overlord  
  41  7:45  Overlord  
  41  7:49  Queen  
  43  7:56  Drone  
  43  7:57  Drone x7  
  51  8:19  Drone  
  53  8:20  Drone x5  
  53  8:21  Drone  
  53  8:25  Pneumatized Carapace  
  58  8:42  Hydralisk Den  
  58  8:44  Evolution Chamber  
  58  8:45  Evolution Chamber  
  55  8:49  Queen  
  55  8:52  Drone x3  
  55  8:54  Extractor  
  59  8:56  Extractor  
  58  9:09  Zerg Missile Weapons Level 1  
  58  9:11  Zerg Ground Armor Level 1  
  58  9:12  Grooved Spines  
  58  9:18  Drone  
  58  9:19  Drone x5  
  58  9:21  Drone  
  58  9:24  Drone  
  66  9:27  Overseer  
  66  9:52  Overlord x2  
  66  9:53  Overlord x2  
  66  10:12  Drone  
  67  10:14  Drone x3  
  67  10:15  Drone x4  
  67  10:16  Extractor  
  67  10:19  Extractor  
  67  10:20  Drone  
  73  10:21  Drone  
  73  10:22  Drone x5  
  79  10:43  Infestation Pit  
  79  10:45  Overlord x3  
  78  10:58  Drone  
  78  10:59  Drone x4  
  78  11:00  Drone, Overlord  
  78  11:01  Overlord x2  
  84  11:05  Hydralisk x4  
  92  11:15  Zerg Missile Weapons Level 2  
  92  11:16  Zerg Ground Armor Level 2  
  92  11:20  Hive  
  92  11:22  Hydralisk x6  
  92  11:23  Hydralisk  
  92  11:24  Overseer  
  91  11:30  Overseer  
  89  12:10  Hydralisk Den  
  89  12:13  Roach Warren  
  87  12:20  Spine Crawler  
  86  12:51  Overlord  
  86  12:53  Hydralisk x4  
  86  12:54  Hydralisk x4  
  102  12:59  Hatchery  
  101  13:28  Hatchery  
  100  13:35  Zerg Missile Weapons Level 3  
  100  14:00  Queen  
  94  14:23  Hydralisk x14  
  94  14:31  Roach x4  
  84  14:54  Roach x8  
  84  14:55  Roach x2  
  104  15:12  Roach  
  104  15:13  Roach x6  
  104  15:14  Roach  
  115  15:23  Roach x2  
  75  15:53  Queen  
  77  15:57  Roach  
  77  15:58  Roach x8  
  95  16:15  Roach x3  
  101  16:35  Drone  
  101  16:36  Drone x5  
  101  16:37  Drone x3  
  101  16:39  Extractor  
  107  16:41  Extractor  
  107  16:42  Overseer  
  106  17:06  Hatchery  
  105  17:14  Spine Crawler  
  104  17:16  Spore Crawler  
  104  17:19  Overseer  
  91  18:18  Roach  
  91  18:19  Roach x6, Hydralisk x4  
  107  18:34  Queen  
  107  18:39  Overlord  
  109  18:44  Zerg Ground Armor Level 3  
  93  19:02  Roach  
  93  19:03  Roach x3  
  91  19:18  Zergling x2, Hydralisk x2  
  91  19:19  Zergling x12  
  102  19:25  Drone x2  
  102  19:26  Drone  
  105  19:35  Queen  
  107  19:53  Zergling x4  
  107  19:54  Zergling x4  
  107  19:58  Hatchery  
  108  20:20  Lurker Den  
  107  20:32  Drone, Overlord  
  107  20:33  Drone x2  
  107  20:34  Drone x4  
  114  21:05  Hydralisk x5  
  114  21:06  Hydralisk x3  
  130  21:12  Roach x3  
  136  21:28  Overlord  
  136  21:29  Overlord x4  
  136  21:45  Overlord  
  136  21:48  Drone x2  
  136  21:49  Drone x5  
  122  22:20  Hydralisk x2  
  122  22:21  Hydralisk x8  
  134  22:28  Zergling x2  
  119  22:58  Glial Reconstitution  
  119  23:03  Drone  
  119  23:04  Zergling x2  
  119  23:05  Zergling x18  
  130  23:25  Zergling x2  
  130  23:26  Zergling x48  
  130  23:27  Zergling x4  
  157  23:43  Extractor  
  157  23:45  Extractor  
  155  23:54  Hatchery  
  154  24:03  Overlord x3  
  154  24:11  Ultralisk Cavern  
  151  24:28  Unknown  
Show
View Real Time Build Order
Export as new Build Order

VOODOOTwO Protoss 

Build Orders:  

Get SALT Encoding   

  13  0:07  Probe  
  13  0:19  Probe  
  14  0:23  Pylon  
  14  0:31  Probe  
  15  0:37  Assimilator  
  15  0:43  Probe  
  16  0:50  Forge  
  16  0:53  Probe  
  17  1:01  Probe  
  17  1:09  Probe  
  18  1:15  Assimilator  
  19  1:21  Probe  
  20  1:28  Photon Cannon  
  20  1:33  Probe  
  21  1:42  Pylon  
  21  1:46  Probe  
  22  1:57  Gateway  
  23  2:04  Photon Cannon  
  22  2:14  Photon Cannon  
  22  2:21  Pylon  
  22  2:39  Probe  
  22  2:44  Cybernetics Core  
  23  2:46  Pylon  
  23  2:55  Probe  
  24  3:09  Photon Cannon  
  24  3:10  Warp Gate  
  24  3:12  Probe  
  24  3:14  Pylon  
  24  3:25  Probe  
  25  3:30  Stargate  
  25  3:33  Probe  
  25  3:41  Probe  
  26  3:44  Photon Cannon  
  27  3:51  Probe  
  27  3:54  Pylon  
  28  3:57  Pylon  
  28  4:06  Gateway  
  28  4:17  Gateway  
  28  4:29  Gateway  
  28  4:33  Photon Cannon  
  28  4:42  Void Ray  
  31  5:00  Pylon  
  30  5:07  Stalker  
  30  5:08  Stalker  
  30  5:09  Probe  
  35  5:21  Pylon  
  34  5:29  Photon Cannon  
  34  5:33  Photon Cannon  
  34  5:38  Probe  
  35  5:48  Twilight Council  
  35  5:53  Photon Cannon  
  35  6:00  Shield Battery  
  35  6:06  Shield Battery  
  35  6:19  Photon Cannon  
  35  6:27  Photon Cannon  
  35  6:30  Pylon  
  35  6:37  Pylon  
  35  6:47  Dark Shrine  
  35  6:55  Charge  
  35  7:04  Robotics Facility  
  35  7:26  Nexus  
  35  7:36  Pylon  
  35  7:42  Assimilator  
  35  7:49  Robotics Facility  
  35  7:54  Observer  
  35  7:56  Shadow Stride  
  36  8:10  Protoss Shields Level 1, Photon Cannon  
  36  8:12  Observer  
  37  8:37  Assimilator  
  37  8:46  Probe  
  37  8:54  Probe  
  39  9:04  Probe  
  39  9:07  Robotics Bay  
  39  9:08  Probe  
  41  9:12  Probe  
  42  9:20  Probe  
  42  9:28  Probe  
  42  9:29  Pylon  
  43  9:36  Probe  
  44  9:45  Probe  
  45  9:47  Extended Thermal Lance  
  45  9:50  Dark Templar  
  48  9:56  Dark Templar  
  48  9:57  Probe  
  51  10:09  Probe, Dark Templar x2  
  51  10:12  Protoss Ground Weapons Level 1  
  56  10:21  Probe  
  57  10:29  Dark Templar  
  57  10:31  Dark Templar  
  61  10:45  Dark Templar x2  
  65  10:54  Pylon  
  65  10:59  Colossus  
  71  11:14  Stalker  
  71  11:15  Stalker, Pylon  
  75  11:29  Stalker x2  
  77  11:52  Colossus  
  75  11:58  Colossus  
  74  12:02  Gravitic Boosters  
  74  12:07  Protoss Ground Armor Level 1  
  74  12:08  Dark Templar  
  76  12:11  Photon Cannon  
  76  12:18  Dark Templar  
  78  12:28  Archon  
  77  12:38  Photon Cannon  
  77  12:40  Pylon  
  77  12:46  Colossus  
  83  12:53  Stalker x2  
  83  12:54  Zealot  
  83  12:57  Observer  
  90  13:02  Zealot  
  92  13:10  Gateway  
  92  13:17  Pylon  
  92  13:18  Gateway  
  92  13:21  Sentry x2  
  92  13:22  Sentry  
  98  13:30  Stalker  
  100  13:47  Dark Templar  
  102  13:49  Dark Templar  
  102  13:50  Zealot  
  102  13:54  Archon  
  106  13:55  Zealot  
  106  14:02  Protoss Ground Weapons Level 2  
  108  14:09  Photon Cannon  
  108  14:11  Photon Cannon  
  84  14:24  Zealot x2  
  84  14:25  Zealot x2  
  84  14:26  Sentry  
  84  14:28  Sentry  
  92  14:39  Photon Cannon  
  92  14:47  Photon Cannon  
  92  15:03  Nexus  
  92  15:07  Pylon  
  92  15:10  Pylon  
  92  15:14  Dark Templar  
  94  15:17  Dark Templar  
  76  15:38  Dark Templar x3  
  76  15:41  Dark Templar  
  74  15:47  Probe  
  59  16:02  Photon Cannon  
  59  16:04  Dark Templar  
  61  16:06  Dark Templar  
  63  16:15  Probe  
  63  16:17  Probe  
  65  16:23  Observer  
  65  16:24  Observer  
  67  16:29  Probe  
  67  16:31  Photon Cannon  
  68  16:33  Probe  
  69  16:41  Probe  
  70  16:50  Probe  
  71  16:55  Assimilator  
  71  16:58  Assimilator  
  71  17:00  Probe  
  71  17:02  Colossus  
  78  17:11  Probe  
  78  17:15  Pylon  
  79  17:18  Probe  
  79  17:19  Probe  
  80  17:26  Probe  
  81  17:31  Dark Templar x2  
  81  17:36  Archon x4, Probe  
  67  17:52  Zealot x2  
  67  17:53  Zealot  
  67  17:54  Archon  
  66  18:01  Stalker  
  60  18:06  Stalker x2  
  47  18:21  Dark Templar  
  47  18:22  Dark Templar  
  51  18:29  Archon  
  51  18:30  Sentry  
  51  18:32  Sentry  
  55  18:39  Sentry  
  57  18:42  Sentry  
  55  19:02  Colossus  
  51  19:22  Zealot  
  53  19:32  Zealot  
  55  19:40  Zealot  
  57  19:47  Sentry  
  59  19:56  Zealot  
  61  20:06  Zealot  
  63  20:14  Sentry  
  63  20:20  Sentry  
  67  20:26  Observer  
  68  20:28  Observer  
  68  20:35  Zealot  
  71  20:47  Stalker  
  73  21:21  Dark Templar  
  73  21:22  Dark Templar  
  73  21:23  Zealot  
  79  21:34  Zealot  
  81  21:43  Zealot  
  42  22:36  Nexus  
  40  22:44  Dark Templar  
  40  22:50  Sentry x2  
  46  23:07  Photon Cannon  
  46  23:30  Shield Battery  
  46  23:47  Assimilator  
  46  23:56  Probe  
  47  24:08  Probe  
  48  24:15  Assimilator  
Tags
 
Add a new tag
Caveats
  • Supply blocks, unpowered buildings, or Contaminate may cause inaccurate times.
  • Supply counts are checked every 10 seconds.